 Dungeon Crawl Stone Soup version 0.21-a0-29-g43b3074 (webtiles) character file.

344 nikopol the Magician (level 6, -4/32 HPs)
             Began as a Deep Elf Fire Elementalist on May 26, 2017.
             Slain by a water moccasin (7 damage)
             ... on level 5 of the Dungeon.
             The game lasted 00:24:25 (4637 turns).

nikopol the Magician (Deep Elf Fire Elementalist)   Turns: 4637, Time: 00:24:26

Health: -4/32      AC:  4    Str:  5    XL:     6   Next: 31%
Magic:  10/15      EV: 14    Int: 22    God:
Gold:   182        SH:  0    Dex: 15    Spells: 8/14 levels left

rFire    . . .     SeeInvis .   h - +0 short sword
rCold    . . .     Gourm    .   (no shield)
rNeg     . . .     Faith    .   a - +0 robe
rPois    .         Spirit   .   k - +2 hat
rElec    .         Reflect  .   (no cloak)
rCorr    .         Harm     .   (no gloves)
MR       .....                  (no boots)
Stlth    +++.......             (no amulet)
Regen    0.1/turn               (no ring)
MPRegen  0.2/turn               (no ring)

@: lethally poisoned (-4 -> -26), very slightly contaminated
A: no striking features
a: no special abilities


You were on level 5 of the Dungeon.
You were hungry.

You visited 1 branch of the dungeon, and saw 5 of its levels.

You collected 182 gold pieces.

Inventory:

Hand Weapons
 h - a +0 short sword (weapon)
Armour
 a - a +0 robe (worn)
 k - a +2 hat (worn)
Jewellery
 x - a cursed ring of teleportation {unknown}
Wands
 y - a wand of random effects (31/48)
Scrolls
 d - 3 scrolls of magic mapping {unknown}
 e - 3 scrolls of teleportation {unknown}
 f - 4 scrolls of identify {unknown}
 g - a scroll of fog {unknown}
 i - a scroll of recharging {unknown}
 p - 2 scrolls of random uselessness {unknown}
 q - 2 scrolls of remove curse {unknown}
 s - a scroll of enchant weapon {unknown}
 v - a scroll of fear {unknown}
 A - a scroll of immolation {unknown}
Potions
 l - 2 potions of berserk rage {unknown}
 m - 3 potions of curing {unknown}
 n - a potion of resistance
 r - a potion of ambrosia {unknown}
 w - a potion of haste {unknown}
 z - a potion of lignification {unknown}
Books
 b - a book of Flames

   Spells                             Type                      Level
   a - Flame Tongue                   Conjuration/Fire             1
   b - Throw Flame                    Conjuration/Fire             2
   c - Conjure Flame                  Conjuration/Fire             3
   d - Inner Flame                    Hexes/Fire                   3
   e - Sticky Flame                   Conjuration/Fire             4
   f - Fireball                       Conjuration/Fire             5
Comestibles
 c - a bread ration
 j - 3 chunks of flesh
 o - a royal jelly
 t - 2 fruits
 u - a meat ration


   Skills:
 + Level 4.2 Dodging
 + Level 4.4 Stealth
 + Level 4.8 Spellcasting
 + Level 3.1 Conjurations
 + Level 4.6 Fire Magic


You had 8 spell levels left.
You knew the following spells:

 Your Spells              Type           Power        Failure   Level  Hunger
a - Flame Tongue          Conj/Fire      ###..        1%          1    None
b - Throw Flame           Conj/Fire      ###...       3%          2    None
c - Conjure Flame         Conj/Fire      ###.....     6%          3    ##.....


Dungeon Overview and Level Annotations

Branches:
Dungeon (6/15)
 Temple: D:4-7

Altars:
Makhleb


Message History

Aiming: Flame Tongue
Press: ? - help, Shift-Dir - straight line, f/p - water moccasin
Aim: a water moccasin (moderately wounded)
You miscast Flame Tongue.
You are very lightly contaminated with residual magic.
Nothing appears to happen.
* * * LOW HITPOINT WARNING * * *
You feel sick. The water moccasin bites you.
* * * LOW HITPOINT WARNING * * *
Casting: Flame Tongue
Confirm with . or Enter, or press ? or * to list all spells.
Aiming: Flame Tongue
Press: ? - help, Shift-Dir - straight line, f/p - water moccasin
Aim: a water moccasin (moderately wounded)
The flame tongue hits the water moccasin.
The water moccasin is severely wounded.
* * * LOW HITPOINT WARNING * * *
You feel sick. The water moccasin barely misses you.
The water moccasin bites you!
You die...

### +..8..+ #.
#...4.# .. #
.. ).....) ...
.#.##♣..4♣##.#
...## ##..#
#...###...#
#.. ....#####
#..##.......#
#.@SS# ####5#
..# ####


You could see a water moccasin, a shadow imp and a ball python.

Vanquished Creatures
  2 orc priests (D:3)
  A bullfrog skeleton (D:6)
  Jessica (D:3)
  An orc wizard (D:3)
  2 adders
  4 gnolls (D:2)
  An ooze (D:3)
  5 worms (D:2)
  A dart slug (D:1)
  4 leopard geckos
  17 orcs
  10 bats
  4 giant cockroaches
  16 goblins
  12 hobgoblins
  3 jackals (D:2)
  A quokka (D:2)
  6 frilled lizards
  11 kobolds
  8 rats
110 creatures vanquished.

Notes
Turn   | Place    | Note
-------+----------+-------------------------------------------
     0 | D:1      | nikopol the Deep Elf Fire Elementalist began the quest for the Orb.
     0 | D:1      | Reached XP level 1. HP: 10/10 MP: 6/6
   250 | D:1      | Reached XP level 2. HP: 15/15 MP: 5/8
   947 | D:1      | Learned a level 2 spell: Throw Flame
  1063 | D:1      | Reached XP level 3. HP: 14/19 MP: 3/10
  1268 | D:2      | Learned a level 3 spell: Conjure Flame
  1736 | D:2      | Reached XP level 4. HP: 24/24 MP: 3/11
  1960 | D:2      | Found a faded altar of an unknown god.
  2857 | D:2      | Found a burning altar of Makhleb.
  3116 | D:3      | Reached XP level 5. HP: 28/28 MP: 11/13
  3165 | D:3      | Noticed Jessica
  3177 | D:3      | Killed Jessica
  3824 | D:3      | Reached XP level 6. HP: 15/32 MP: 1/14
  4154 | D:3      | You fall through a shaft for 3 floors!
  4288 | D:5      | Entered Level 5 of the Dungeon
  4544 | D:5      | Noticed an orc warrior
  4544 | D:5      | Noticed an orc warrior
  4544 | D:5      | Noticed a rust devil
  4544 | D:5      | Noticed a rust devil
  4617 | D:6      | Noticed a water moccasin
  4637 | D:5      | Slain by a water moccasin

Vault maps used:
D:1:      eino_arrival_cavern_d, minmay_splitting_lines
D:2:      cheibrodos_greedy_goblins, lightli_temple_of_fire,
          chequers_ecumenical_altar_lobes
D:3:      minmay_misc_feat_ornament, minmay_cupped, uniq_jessica
D:5:      cheibrodos_iron_armory, lemuel_crystal_altar, first_bread
D:6:      minitemple

Skill      XL: |  1  2  3  4  5  6 |
---------------+-------------------+-----
Dodging        | 3 4 |  4.2
Stealth        | 3 4 |  4.4
Conjurations   | 2 3 |  3.1
Fire Magic     | 4 |  4.6
Spellcasting   | 4 |  4.8

Action                   |  1- 3 |  4- 6 || total
-------------------------+-------+-------++-------
Melee: Short sword       |     1 |    14 ||    15
 Cast: Flame Tongue      |    61 |   154 ||   215
       Conjure Flame     |     3 |     3 ||     6
       Throw Flame       |     1 |    14 ||    15
  Eat: Chunk             |     1 |    10 ||    11
Armor: Robe              |     6 |    19 ||    25
Dodge: Dodged            |    11 |    42 ||    53
